[Event "AI Cup Div-1 2023"]
[Site "Online"]
[Date "2023.09.26"]
[Round "2.1"]
[White "Vachier-Lagrave, Maxime"]
[Black "Mamedyarov, Shakhriyar"]
[Result "1/2-1/2"]
[Annotator "TA"]
[ECO "C92"]
[WhiteElo "2727"]
[BlackElo "2734"]
[PlyCount "75"]
[EventDate "2023.09.18"]
[EventType "k.o."]
[EventCountry "NET"]
[SourceTitle "playchess.com"]
[Source "ChessBase"]
[SourceQuality "1"]
[TimeControl "900+3"]

1. e4 e5 2. Nf3 Nc6 3. Bb5 a6 4. Ba4 Nf6 5. O-O Be7 6. Re1 b5 7. Bb3 d6 8. c3 O-O 9. h3 Be6 10. Bxe6 fxe6 11. d4 {[%emt 0:00:01] C92: Closed Ruy Lopez: 9...Be6, Karpov and Flohr-Zaitsev Variations.} Qe8 {[%emt 0:00:26] [#]} 12. Bg5 $146 ({Predecessor:} 12. a4 Rb8 13. axb5 axb5 14. Ng5 Qd7 15. Ra6 Ra8 16. Rxa8 Rxa8 17. Qb3 d5 18. Qxb5 Nxe4 19. Nxe4 dxe4 20. dxe5 {½-½ Niemann,H (2708)-Kovalev,V (2612) Dubai op-A 23rd 2023 (6)}) 12... h6 13. Bh4 {[%emt 0:00:54] White has an edge.} g5 (13... Nh5 $11) 14. Bg3 $14 Nh5 15. a4 bxa4 16. d5 (16. Bh2 $5 ) 16... Nd8 17. Qxa4 (17. Rxa4 $14 exd5 18. exd5 (18. Qxd5+ Kh7 $11)) 17... Qxa4 $11 {[%emt 0:01:05] The position is equal.} 18. Rxa4 exd5 19. exd5 Nb7 20. Nbd2 Nc5 21. Ra5 Nb7 22. Ra3 a5 23. Ne4 Nf6 24. Nxf6+ Bxf6 25. Nd2 Nc5 26. Ne4 Nxe4 27. Rxe4 Rfb8 28. b3 Rb5 29. c4 Rb4 30. f3 a4 31. Rxa4 Raxa4 32. bxa4 Rxa4 33. h4 gxh4 34. Bxh4 Bxh4 35. Rxh4 {[%emt 0:00:01] KR-KR} Kg7 36. Kh2 c6 37. dxc6 {[%emt 0:00:24] [#] Hoping for Rg4+.} Ra6 38. Rg4+ {[%emt 0:00:07] Weighted Error Value: White=0.09 (flawless) /Black=0.08 (flawless)} (38. c7 $5 Rc6 $8 39. Rg4+ Kf6 40. Rh4 $11) 1/2-1/2

[Event "AI Cup Div-1 2023"]
[Site "Online"]
[Date "2023.09.26"]
[Round "2.2"]
[White "Nepomniachtchi, Ian"]
[Black "Carlsen, Magnus"]
[Result "1/2-1/2"]
[Annotator "TA"]
[ECO "B51"]
[WhiteElo "2771"]
[BlackElo "2839"]
[PlyCount "87"]
[EventDate "2023.09.18"]
[EventType "k.o."]
[EventCountry "NET"]
[SourceTitle "playchess.com"]
[Source "ChessBase"]
[SourceQuality "1"]
[TimeControl "900+3"]

1. e4 c5 2. Nf3 d6 3. Bb5+ Nd7 4. O-O a6 (4... Ngf6 5. Re1 a6 6. Bf1 b6 7. c4 Bb7 8. Nc3 Ne5 9. a3 e6 10. b4 Be7 11. Rb1 Qc7 12. d3 O-O 13. Nxe5 dxe5 14. bxc5 Bxc5 15. Na4 Bd4 16. Be3 Bxe3 17. fxe3 {½-½ Nepomniachtchi,I (2789)-Carlsen,M (2847) Carlsen Inv KO rapid 2021 (2.14)}) 5. Be2 Ngf6 6. d3 {[%emt 0:00:03] B51: Sicilian: Moscow Variation (3 Bb5+) without 3...Bd7.} e6 7. a4 b6 8. Nfd2 Be7 9. f4 O-O {[%emt 0:00:00] [#]} 10. Bf3 $146 ({Predecessor:} 10. Qe1 Bb7 11. Nc3 Nb8 12. g4 Nc6 13. g5 Nd7 14. Nf3 Nd4 15. Bd1 e5 16. h4 {½-½ Sadhwani,R (2627)-Giri,A (2768) Chessable Masters Div 2 Lose rapid 2023 (1.2)}) 10... Bb7 11. Nc3 d5 12. g4 Nb8 (12... h6 $11) 13. g5 $14 Ne8 14. exd5 exd5 15. Bg2 (15. Re1 $14) 15... Nc7 (15... Ra7 $11) 16. Nc4 $1 $16 {[%emt 0:00:43][%mdl 64] Pin} Nc6 (16... a5 $14) 17. Nxb6 Rb8 18. Nbxd5 ({Of course not} 18. Bxd5 $6 Nxd5 19. Nbxd5 (19. Ncxd5 Nb4 $15) 19... Nd4 $11) 18... Nxd5 19. Nxd5 Nd4 {[%emt 0:00:03] [#]} 20. c4 Bd6 21. Be3 (21. Rb1 $16) 21... Nf5 {[%emt 0:00:33] White must now prevent ...Bxd5.} 22. Bd2 Bxd5 23. Bxd5 Rxb2 24. Bc3 $2 {[%emt 0:00:15][%mdl 8192] [#] A strong pair of Bishops.} (24. Rb1 $14 Rxb1 25. Qxb1) 24... Ne3 $2 (24... Qxg5+ $1 {mates} 25. Kh1 Ng3+ 26. hxg3 Qh6+ 27. Qh5 Qxh5+ 28. Kg1 Qh2#) 25. Qe1 {[%emt 0:01:23] The board is on fire.} Nxd5 26. Bxb2 Nxf4 27. Qh4 Nxd3 (27... Qc7 $1 $11) 28. Bc3 $36 {[%emt 0:00:04][%mdl 2048] Hoping for Rad1. White has good play.} Be5 (28... Qe8 $14) 29. Bxe5 Nxe5 30. Rae1 Ng6 31. Qg4 Re8 (31... Qc7 $16 32. Re4 Rb8) 32. h4 Rxe1 33. Rxe1 {[%emt 0:00:00][%mdl 4096] Endgame KQR-KQN} Nf8 34. Rf1 g6 35. Qf3 ({White should play} 35. a5 $16) 35... Qd4+ $11 {[%emt 0:00:04] The position is equal.} 36. Kg2 Qxc4 37. a5 Qe6 38. Rf2 c4 39. Re2 {[%emt 0:00:03][%mdl 1024] White has compensation.} Qd7 40. Qe4 Qc7 41. Qe5 Qd7 42. Qe4 {[%emt 0:00:14] Active counter play!} Qc7 43. Qe5 Qd7 44. Qe4 {[%emt 0:00:01] What a bad dream for Black.   Weighted Error Value: White=0.24 (precise) /Black=0.36} 1/2-1/2

[Event "AI Cup Div-1 2023"]
[Site "Online"]
[Date "2023.09.26"]
[Round "2.2"]
[White "Mamedyarov, Shakhriyar"]
[Black "Vachier-Lagrave, Maxime"]
[Result "1/2-1/2"]
[Annotator "TA"]
[ECO "D78"]
[WhiteElo "2734"]
[BlackElo "2727"]
[PlyCount "35"]
[EventDate "2023.09.18"]
[EventType "k.o."]
[EventCountry "NET"]
[SourceTitle "playchess.com"]
[Source "ChessBase"]
[SourceQuality "1"]
[TimeControl "900+3"]

1. d4 Nf6 2. c4 g6 3. g3 c6 4. Bg2 d5 5. Nf3 Bg7 6. O-O O-O {[%emt 0:00:01] The position is equal.} 7. a4 {[%emt 0:00:00] D78: Fianchetto Grünfeld: 6 0-0 c6.} a5 8. Na3 Be6 {[%emt 0:00:20] [#]} 9. cxd5 $146 ({Predecessor:} 9. Qb3 Na6 10. Ng5 dxc4 11. Qxb7 Nb4 12. Nxe6 fxe6 13. Nxc4 Qxd4 14. Nxa5 Rxa5 15. Qxe7 {0-1 Adly,A (2607)-Antipov,M (2549) Wch Blitz Moscow 2019 (1)}) 9... Bxd5 10. b3 Ne4 11. Nc4 Na6 12. Bb2 Nd6 13. Rc1 Nb4 14. e3 Na2 15. Rc2 Nb4 16. Rc1 Na2 17. Rc2 Nb4 18. Rc1 {[%emt 0:00:09] An uneventful encounter.   Weighted Error Value: White=0.03 (flawless) /Black=0.03 (flawless)} 1/2-1/2

[Event "AI Cup Div-1 2023"]
[Site "Online"]
[Date "2023.09.26"]
[Round "2.3"]
[White "Carlsen, Magnus"]
[Black "Nepomniachtchi, Ian"]
[Result "1-0"]
[Annotator "TA"]
[ECO "C42"]
[WhiteElo "2839"]
[BlackElo "2771"]
[PlyCount "93"]
[EventDate "2023.09.18"]
[EventType "k.o."]
[EventCountry "NET"]
[SourceTitle "playchess.com"]
[Source "ChessBase"]
[SourceQuality "1"]
[TimeControl "900+3"]

1. e4 e5 2. Nf3 Nf6 3. Nxe5 d6 4. Nf3 Nxe4 5. d4 d5 6. Bd3 Bd6 7. O-O O-O 8. c4 c6 9. Re1 Bf5 10. Nc3 (10. Qb3 Qd7 11. Nc3 Nxc3 12. Bxf5 Qxf5 13. bxc3 b6 14. cxd5 cxd5 15. Qb5 Qd7 16. a4 Qxb5 17. axb5 a5 18. Nh4 g6 19. g4 Nd7 20. Ng2 Rfc8 21. Bf4 Bxf4 22. Nxf4 Rxc3 23. Nxd5 Rd3 {½-½ Carlsen,M (2855)-Nepomniachtchi,I (2782) World-ch Carlsen-Nepomniachtchi 2021 (4)}) 10... Nxc3 11. bxc3 Bxd3 {[%emt 0:00:14] C42: Petroff Defence: 3 Nxe5 and unusual White 3rd moves.} 12. Qxd3 {[%emt 0:00:00] With the idea Ng5.} dxc4 13. Qxc4 Nd7 {[%emt 0:01:05] The position is equal.} 14. Qb3 Qc7 15. c4 {[%emt 0:00:05] Hoping for c5.} Rfe8 16. g3 $5 {[%emt 0:00:04][%mdl 4] Exploring less charted territory.} b6 17. Bb2 {[%emt 0:00:49] [#]} Bf8 $146 ({Predecessor:} 17... c5 18. d5 Ne5 19. Nxe5 Bxe5 20. Qb5 Kf8 21. Kg2 Bd4 22. Qb3 Rxe1 23. Rxe1 Re8 24. Rxe8+ Kxe8 25. Bxd4 cxd4 {1-0 Alekseev,E (2614)-Paravyan,D (2551) St Petersburg rapid 2017 (6)}) 18. a4 a6 19. Kg2 h6 20. Rxe8 Rxe8 21. Bc1 Rb8 22. Qc2 Re8 {[%emt 0:00:57] [#]} 23. a5 $1 b5 24. cxb5 axb5 25. Bf4 Bd6 26. Bxd6 Qxd6 27. a6 (27. Rc1 $5 ) 27... Ra8 $1 28. a7 $36 {[%emt 0:00:08][%mdl 2048] Black is under pressure.} Qc7 29. Ra6 Nf8 (29... Rxa7 $2 30. Rxc6 Qb7 31. Rc8+ Nf8 32. Qc5 $16) (29... c5 $1 $11 {remains equal.}) 30. Qc5 $16 Ne6 31. Rxc6 Qb7 32. Qb6 Rxa7 33. d5 $1 Nf8 34. Qc5 $1 {[%emt 0:00:26] And now Rc8 would win. White has more active pieces.} Nd7 $2 {[%emt 0:01:02][%mdl 8192] Black cannot hold the game after this.} (34... Ng6 $16 35. d6 Ra4) 35. Rc8+ $18 Kh7 36. Qc2+ g6 37. Qc3 {[%emt 0:00:05][%csl Gc8][%cal Rc3h8] Wards off b4} Nf6 {[%emt 0:00:01] [#]} 38. d6 $1 {[%emt 0:00:05] Black must now prevent Rc7.} b4 39. Qc7 {[%emt 0:00:23] Threatens to win with Qd8.} g5 {[%emt 0:02:21] [#]} 40. Qxb7 $1 {[%emt 0:00:30][%mdl 64] Remove Defender} Rxb7 {[%emt 0:00:02][%mdl 4096] Endgame KRN-KRN} 41. Rc7 Rb5 42. Rxf7+ Kg6 43. d7 Rd5 $2 {[%emt 0:00:02] [#]} (43... Nxd7 44. Rxd7 b3 45. Rd6+ Kg7) 44. Ne5+ $1 {[%emt 0:00:11][%mdl 576] Promotion} Kf5 {[%emt 0:00:01] [#]} 45. Ng4 $1 {[%emt 0:00:01][%mdl 576] Deflection} Kxg4 (45... Rxd7 46. Rxf6+) 46. Rxf6 Kh5 47. h3 {[%emt 0:00:02] Weighted Error Value: White=0.03 (flawless) /Black=0.38} 1-0

[Event "AI Cup Div-1 2023"]
[Site "Online"]
[Date "2023.09.26"]
[Round "2.3"]
[White "Vachier-Lagrave, Maxime"]
[Black "Mamedyarov, Shakhriyar"]
[Result "1-0"]
[Annotator "TA"]
[ECO "C72"]
[WhiteElo "2727"]
[BlackElo "2734"]
[PlyCount "85"]
[EventDate "2023.09.18"]
[EventType "k.o."]
[EventCountry "NET"]
[SourceTitle "playchess.com"]
[Source "ChessBase"]
[SourceQuality "1"]
[TimeControl "900+3"]

1. e4 {[%emt 0:00:03] Edouard,Romain} e5 2. Nf3 Nc6 3. Bb5 a6 4. Ba4 d6 5. O-O Bd7 6. c4 g5 {[%emt 0:00:23] C72: Ruy Lopez: Deferred Steinitz: 5 0-0.} (6... Nf6 $11) 7. d4 $14 g4 8. d5 $1 Nce7 {[%emt 0:01:02] White is slightly better.} 9. Nh4 b5 10. cxb5 axb5 11. Bb3 Bg7 {[%emt 0:00:29] [#]} 12. g3 $146 (12. f3 $5 ) ({Predecessor:} 12. f3 h5 13. Bg5 Nf6 14. Qe1 Nh7 15. Bd2 Bf6 16. Qf2 Rg8 17. f4 g3 18. hxg3 Bxh4 19. fxe5 {1-0 Edouard,R (2641)-Sedlak,N (2557) EU-chT 22nd Batumi 2019 (8.2)}) 12... h5 13. Be3 Bf6 14. Ng2 Bg7 15. Nd2 f5 16. f4 gxf3 ({Black should play} 16... exf4 $14 17. Nxf4 Bxb2) 17. Qxf3 $18 Nf6 18. Nh4 f4 19. gxf4 Ng4 20. fxe5 (20. Kh1 $1 $18) 20... Nxe5 $16 21. Qg3 Rg8 22. Kh1 {[%emt 0:00:13] Strongly threatening Bg5. White is more active.} Bf6 {[%emt 0:00:39][%mdl 64] Prevents Bg5. Discovered Attack} 23. Qe1 Ng4 (23... Bxh4 $16 24. Qxh4 N7g6) 24. Bf4 (24. h3 $18 {and White stays clearly on top.} Nc8 25. Nf5 (25. hxg4 Bxh4 26. Bf2 hxg4 $14) 25... Bxb2 26. hxg4 Bxa1 27. Nh6 (27. Qxa1 Bxf5 28. g5 Bg6 $11) (27. gxh5 Be5 $11)) 24... Ng6 (24... Bxb2 $142 25. Rb1 Bc3) 25. Nxg6 Rxg6 26. Nf3 (26. e5 $1 $18 Nxe5 27. Bd1) 26... Bxb2 {[%emt 0:01:30] [#]} (26... Qe7 $1 $14) 27. e5 $1 $18 Qe7 {[%emt 0:00:02] [#]} (27... Bxa1 {was necessary.} 28. exd6+ {[%mdl 64] Discovered Attack} Kf7) 28. e6 Bxa1 29. Qxa1 {[%emt 0:00:26] Black must now prevent Bc2.} (29. exd7+ Kxd7 30. Qxa1 Qe2 $11) 29... O-O-O 30. Bc2 $2 ({White should try} 30. exd7+ $18 Qxd7 31. Bc2) 30... Rgg8 $2 (30... Rxe6 $1 $14 31. dxe6 Qxe6) 31. exd7+ Qxd7 (31... Rxd7 $142 32. Bf5 Qe2) 32. Nd4 Rdf8 {[%emt 0:00:21] Prevents Bf5} 33. Ne6 {[%emt 0:00:17] Repels Qg7} Rf7 {[%emt 0:00:01] Black is weak on the dark squares} 34. Be4 c5 (34... Nf6 {keeps fighting.}) 35. Qe1 (35. dxc6 $2 Qxe6 36. Qd4 Rgf8 $19) 35... Qa7 36. Qe2 (36. Bxd6 Rxf1+ 37. Qxf1 Qxa2) 36... c4 37. h3 (37. Bxd6 Rxf1+ 38. Kg2 Rf2+ 39. Kg3 Rxe2 40. Bc5 Nxh2+ 41. Kh3 Qf7) 37... Ne3 38. Rf2 (38. Qxe3 $2 Qxe3 39. Bxe3 Rxf1+ 40. Kh2 Re1 $19) (38. Re1 $18 {is the precise move to win.} Nf5 39. Ng5 (39. Qxh5 $2 Qf2 $19)) 38... Nf5 (38... Rxf4 $16 {is more resistant.} 39. Nxf4 (39. Rxf4 Nxd5 40. Qf2 Qxf2 $16) 39... Qd4) 39. Rg2 Rxg2 40. Bxg2 {[%emt 0:00:12] This pair of bishops is nice.} ({Not} 40. Qxg2 Ne7 41. Qf3 (41. Bxd6 Rf2 $18) 41... Qa5 $18) 40... h4 (40... Nh4 {might work better.} 41. Qb2 (41. Bxd6 Qf2 $11) 41... Nxg2 42. Qxb5 (42. Kxg2 Qa5 $18) (42. Qxg2 Rxf4 43. Nxf4 Qd4 $16) 42... Nxf4 43. Qe8+ (43. Qxc4+ $2 {perishes.} Kb8 $19) 43... Kb7 44. Qxf7+ Kb6 45. Qxf4 Qa3 46. Qxc4 Qxh3+ 47. Kg1 Qg3+ 48. Kf1 h4) 41. Qg4 {[%emt 0:00:03] Qg8+ would be deadly. White is clearly winning.} Qe7 42. Qg8+ Kb7 {[%emt 0:00:03] [#]} 43. Qxf7 $3 {[%emt 0:00:05][%mdl 576] Decoy. Ingenious play by Vachier-Lagrave!   Weighted Error Value: White=0.50/Black=0.63} 1-0

[Event "AI Cup Div-1 2023"]
[Site "Online"]
[Date "2023.09.26"]
[Round "2.4"]
[White "Nepomniachtchi, Ian"]
[Black "Carlsen, Magnus"]
[Result "1/2-1/2"]
[Annotator "TA"]
[ECO "B95"]
[WhiteElo "2771"]
[BlackElo "2839"]
[PlyCount "257"]
[EventDate "2023.09.18"]
[EventType "k.o."]
[EventCountry "NET"]
[SourceTitle "playchess.com"]
[Source "ChessBase"]
[SourceQuality "1"]
[TimeControl "900+3"]

1. e4 c5 2. Nf3 d6 3. d4 cxd4 4. Nxd4 Nf6 5. Nc3 a6 6. Bg5 e6 7. Qf3 h6 {[%emt 0:00:15] B95: Sicilian Najdorf: 6 Bg5 e6, unusual White 7th moves.} 8. Bd2 Qc7 9. g4 (9. Bd3 $142) 9... b5 $11 {[%emt 0:00:15] Threatens to win with ...b4. Black has an edge.} 10. a3 Bb7 {[%emt 0:00:20] [#]} 11. O-O-O $146 (11. h4 $5 ) ({Predecessor:} 11. Bg2 Nbd7 12. h4 Ne5 13. Qe2 Qc4 14. Qxc4 Nxc4 15. g5 hxg5 16. hxg5 Rxh1+ 17. Bxh1 {0-1 Cardoso Cardoso,J (2486)-Ortiz Suarez,I (2517) Carlos Torre Memorial op 32nd 2022 (6)}) 11... Nbd7 12. Qe2 Ne5 ({Black should play} 12... d5 $15) 13. f3 (13. f4 $1 $14) 13... g5 ({Black should try} 13... Rc8 $15) 14. h4 $14 Rg8 15. hxg5 hxg5 16. Kb1 Be7 17. Rh6 Nfd7 18. Qh2 Bf6 $2 {[%emt 0:00:53] [#]} (18... Nc5 $14) 19. Ncxb5 $1 $18 axb5 20. Nxb5 Qb6 {[%emt 0:01:42] White must now prevent ...Ba6.} 21. Bb4 Be7 22. Nxd6+ $2 (22. Bxd6 $18 {is the precise move to win.} Bxd6 23. Nxd6+ Kf8 24. Nxf7 Kxf7 25. f4 Bxe4 26. fxe5) 22... Bxd6 $16 23. Rxd6 Qc7 {[%emt 0:00:40][%mdl 8192] [#]} (23... Bc6 $16) 24. Rhxe6+ $1 fxe6 25. Rxe6+ Kd8 {[%emt 0:00:02] ...Kc8 would be deadly.} 26. Qh7 $2 {[%emt 0:00:03] Wards off Kc8} (26. Bd6 Qa5 27. Qh7) 26... Nf6 $18 27. Qf5 (27. Be7+ Kc8 28. Rxf6 Re8 29. Qf5+ Qd7 30. Qxe5 Qxe7 31. Qxg5 Kb8) 27... Nfd7 (27... Ned7 $16 {is tougher.}) 28. Bd6 $1 Qxd6 29. Rxd6 Kc7 30. Rf6 {[%emt 0:00:57][%mdl 64] Deflection} Raf8 31. Rxf8 Rxf8 32. Qxg5 {[%emt 0:00:01] Be2 is the strong threat.} Rxf3 33. Bb5 Bxe4 34. Bxd7 (34. Qe7 Rf2 35. Ba4 (35. Bxd7 Bxc2+ 36. Ka2 Nxd7 $18) 35... Bd5 $18) 34... Nxd7 35. Qa5+ Kc8 36. Qb4 Rf4 37. Qc3+ Kd8 38. g5 Rf2 39. Qe3 Rf1+ 40. Ka2 Bxc2 41. b4 Bg6 42. b5 Rf5 43. a4 {[%emt 0:00:03] Hoping for b6.} Re5 44. Qd4 {[%emt 0:00:35] And now b6 would win.} Re4 45. Qd6 Bf7+ (45... Bf5 46. Ka3 Re3+ 47. Kb4 Re6) 46. Ka3 $1 Re3+ 47. Kb4 $2 (47. Kb2 $1 $18) 47... Re4+ $16 48. Ka3 $2 (48. Ka5 $16) 48... Re3+ $18 49. Kb2 $1 Re5 $2 (49... Re2+ 50. Kc3 Re3+ 51. Kd4 Re2) 50. b6 (50. g6 Re6 51. Qg3 Bxg6 $18) 50... Bd5 51. g6 (51. Qc7+ $142 Ke8 52. b7 Rxg5 53. b8=Q+ Nxb8 54. Qxb8+ Kd7 55. Qb5+ Ke7 56. a5) 51... Re6 {[%emt 0:00:03] [#]} 52. Qc7+ $1 Ke7 {[%emt 0:00:02] [#]} 53. b7 $2 (53. a5 $1 $18) 53... Bxb7 $1 $14 54. g7 {[%emt 0:00:01] Really sharp!} Rg6 $2 {[%emt 0:00:04][%mdl 8192] White stays focused until the end.} 55. Qxb7 $18 Rxg7 {[%emt 0:00:04][%mdl 4096] Endgame KQ-KRN} 56. a5 Rg6 57. Kc2 Kd8 58. Kc3 Rg3+ 59. Kb2 Rg6 60. Kc2 Rg5 61. a6 Rc5+ 62. Kd2 Rc7 63. Qa8+ Rc8 64. Qh1 Rc7 65. Qh4+ Ke8 66. Qh5+ Ke7 67. Qg5+ Kd6 68. Qb5 Ra7 69. Kc3 Kc7 70. Kb4 Kd6 $2 (70... Nb8 $11) 71. Ka5 {[%emt 0:00:01] White mates.} Kc7 72. Qb4 Nb8 73. Qb6+ Kc8 74. Qe6+ ({Stronger than} 74. Qxa7 Nc6+ 75. Kb6 Nxa7 $11) 74... Kc7 75. Qc4+ Kd8 76. Kb6 Rxa6+ 77. Kb7 Rc6 78. Qd5+ Ke7 79. Kxb8 {[%emt 0:00:01] KQ-KR} Rd6 80. Qc5 Ke6 81. Kc7 Rd5 82. Qc4 Ke5 83. Kc6 Rd6+ 84. Kc5 Rd8 85. Qe2+ Kf6 86. Qf2+ Ke6 87. Qe3+ Kf5 88. Qh3+ Ke5 89. Qh5+ Ke6 90. Qg6+ Ke7 91. Kc6 Rf8 92. Kd5 Rf7 93. Ke5 Kf8 94. Qh6+ Ke8 95. Qg5 Kd7 96. Qg6 Ke7 97. Qd6+ Ke8 98. Qa3 ({Worse is} 98. Ke6 Rf6+ 99. Kxf6 $11) 98... Kd7 99. Qd6+ Ke8 100. Qb6 ({Inferior is} 100. Ke6 Rf6+ 101. Kxf6 $11) 100... Re7+ 101. Kf6 Rf7+ 102. Kg6 Rd7 103. Qc6 Ke7 104. Kf5 Kd8 105. Qb6+ Ke8 106. Qc5 Kf7 107. Qe5 Re7 108. Qh8 Rd7 109. Qh1 Ke7 110. Ke5 Rc7 111. Qd5 Rd7 112. Qc6 Kd8 113. Kf6 Rf7+ 114. Kg6 Rc7 115. Qa4 Ke7 116. Kf5 Rc5+ 117. Ke4 Kd6 118. Qb4 Kc6 119. Kd4 Rd5+ 120. Kc4 Re5 121. Qb1 Rc5+ 122. Kd4 Rd5+ 123. Ke4 Rb5 124. Qa2 Rc5 125. Kd4 Rb5 126. Qe6+ Kc7 127. Kc4 Rb7 128. Kc5 Kb8 129. Qd6+ {[%emt 0:00:04][%mdl 32768] An exciting game.   Weighted Error Value: White=0.40/Black=0.48. An unexpected result.} 1/2-1/2

[Event "AI Cup Div-1 2023"]
[Site "Online"]
[Date "2023.09.26"]
[Round "2.4"]
[White "Mamedyarov, Shakhriyar"]
[Black "Vachier-Lagrave, Maxime"]
[Result "0-1"]
[Annotator "TA"]
[ECO "D27"]
[WhiteElo "2734"]
[BlackElo "2727"]
[PlyCount "56"]
[EventDate "2023.09.18"]
[EventType "k.o."]
[EventCountry "NET"]
[SourceTitle "playchess.com"]
[Source "ChessBase"]
[SourceQuality "1"]
[TimeControl "900+3"]

1. Nf3 d5 2. d4 Nf6 3. c4 dxc4 4. e3 e6 5. Bxc4 a6 6. O-O c5 7. b3 cxd4 8. Nxd4 Be7 9. Bb2 O-O {[%emt 0:00:00] D27: Queen's Gambit Accepted: Classical main line: 7 e4!? and 7 a4.} 10. Nd2 b5 11. Be2 Bb7 {[%emt 0:00:01] White has an edge.} 12. Rc1 Qd7 13. Bf3 Ra7 {[%emt 0:00:14] [#]} 14. g4 $146 ({Predecessor:} 14. Qe2 Rc8 15. Rxc8+ Bxc8 16. Ne4 Bb7 17. Nxf6+ Bxf6 18. Rd1 Qe8 19. Rc1 h6 20. h3 {½-½ Aronian,L (2742)-Vachier Lagrave,M (2747) Global Chess League rapid 2023 (1.1)}) 14... Rc8 15. Rxc8+ Qxc8 16. g5 Ne8 17. h4 Nd6 18. Bg4 Bf8 19. h5 Nf5 $2 {[%emt 0:00:44] [#]} (19... Nd7 $11) 20. e4 (20. g6 $1 $16 ) 20... Nxd4 $11 21. Bxd4 Bc5 (21... Ra8 $11 {deserves consideration.}) 22. Ba1 Nd7 23. Qe2 ({Better is} 23. g6 $14) 23... Qc7 {[%emt 0:00:22] Threatens to win with ...Qg3+.} (23... Qd8 $5 24. Nf3 Qc7 $15) 24. Qf3 {[%emt 0:00:45] Prevents Qg3+.} Bd6 25. Qe3 Ra8 {[%emt 0:00:16] Strongly threatening ...Bh2+.} 26. Nf3 {[%emt 0:00:18] Against Bh2+} Bc5 27. Qc3 (27. Bd4 $1 $11 {remains equal.} Qc6 28. h6) 27... Nf6 $1 $17 {[%emt 0:00:01][%mdl 64] [#] Hoping for ...Qg3+. Double Attack} 28. Ne5 $2 (28. Qe5 $17 Qxe5 29. Nxe5 Nxe4 30. g6) 28... Nxe4 {[%emt 0:00:16] Weighted Error Value: White=0.50/Black=0.17 (very precise)} 0-1

[Event "AI Cup Div-1 2023"]
[Site "Online"]
[Date "2023.09.27"]
[Round "3.1"]
[White "Carlsen, Magnus"]
[Black "Vachier-Lagrave, Maxime"]
[Result "1/2-1/2"]
[Annotator "TA"]
[ECO "B31"]
[WhiteElo "2839"]
[BlackElo "2727"]
[PlyCount "120"]
[EventDate "2023.09.18"]
[EventType "k.o."]
[EventCountry "NET"]
[SourceTitle "playchess.com"]
[Source "ChessBase"]
[SourceQuality "1"]
[TimeControl "900+3"]

1. e4 c5 2. Nf3 Nc6 3. Bb5 g6 4. O-O Bg7 5. Re1 Nf6 6. c3 O-O 7. h3 e5 8. d4 cxd4 9. cxd4 d5 {[%emt 0:00:01] 9...Nxd4 gains popularity. B31: Sicilian: 2...Nc6 3 Bb5 g6.} 10. dxe5 Nxe4 11. Nc3 Qb6 (11... Bxe5 $2 12. Nxe5 (12. Qxd5 Nxc3 13. Qxd8 Rxd8 $11) 12... Nxe5 13. Nxd5 $18) (11... Be6 {simplifies} 12. Bxc6 bxc6 13. Be3 Nxc3 14. bxc3 Qe7) 12. Qe2 {[%emt 0:01:11] [#]} (12. Nxe4 {simplifies} dxe4 13. Bxc6 Qxc6 14. Nd4) 12... Rd8 $146 ({Predecessor:} 12... Ng3 13. Qd3 Bf5 14. Qxd5 Nb4 15. Qb3 Nc2 16. Be3 Nxe3 17. Rxe3 Be6 18. Qa3 Rfd8 {0-1 Belenkaya,D (2299)-Samdanova,S (2060) RUS-ch Higher League (Women) 66th 2016 (1)}) 13. Bxc6 (13. Bf4 $5 ) 13... Nxc3 14. bxc3 bxc6 15. Bg5 Re8 16. Qd2 c5 17. Bf6 Bxf6 {[%emt 0:01:20] The position is equal.} 18. exf6 {[%emt 0:00:02][%cal Re1e8] [#]} Bf5 19. Qf4 Re4 $1 (19... Qxf6 20. g4 $16) 20. Rxe4 dxe4 21. Ne5 Qxf6 22. Ng4 Qxc3 23. Rc1 {[%emt 0:00:04] White threatens Nh6+ and mate.} Qd4 {[%emt 0:00:06] ...Bxg4 is the strong threat.} 24. Nh6+ Kg7 25. Nxf5+ gxf5 $11 {[%emt 0:00:01][%mdl 4096] Endgame KQR-KQR} 26. Qg5+ Kh8 27. Qxf5 e3 28. Qxf7 Rg8 29. Re1 exf2+ 30. Qxf2 Rf8 {[%emt 0:00:21][%mdl 64] [#] Pin} 31. Qxd4+ cxd4 {[%emt 0:00:01] KR-KR} 32. Rd1 Rd8 33. Kf2 Rc8 34. Ke2 Rc4 35. Rd3 Ra4 {[%emt 0:00:25] Repels Ra3} 36. a3 Kg7 37. Kf3 Kf6 38. Ke4 Ke6 39. g4 h6 40. h4 Ra5 41. h5 Rg5 42. Rg3 Rd5 43. Rf3 Rg5 44. Rf4 Ra5 45. Rf8 {[%emt 0:00:02] Black must now prevent Rh8.} Rxa3 46. Rh8 Rg3 47. Rxh6+ Ke7 48. Kf4 d3 {[%emt 0:00:01] And now ...d2 would win.} 49. Rh7+ (49. Kxg3 $2 d2 50. Rh7+ Ke6 51. Rxa7 (51. Rh6+ $2 Ke5 $19) 51... d1=Q 52. Ra6+ Ke5 53. Ra5+ Kd4 $19) 49... Ke6 {[%emt 0:00:01] aiming for ...d2.} 50. Rh8 (50. Kxg3 $2 d2 51. Rxa7 (51. Rh6+ $2 Ke5 $19) 51... d1=Q 52. Ra6+ Ke5 53. Ra5+ Ke4 $19) (50. Rxa7 $5 d2 51. Ra1 $11 (51. Kxg3 $2 d1=Q $19)) 50... Ke7 {[%emt 0:00:04] Threatens to win with ...d2.} 51. Ra8 (51. Kxg3 $2 {is the wrong capture.} d2 52. Ra8 (52. Rh7+ $2 Kd6 $19) 52... d1=Q $19) 51... d2 {[%emt 0:00:01] ( -> ...Ra3)} 52. Rxa7+ (52. Kxg3 $2 {perishes.} d1=Q 53. Rxa7+ Kf6 54. Ra6+ Ke5 55. Ra5+ Ke4 $19) 52... Ke6 53. Ra1 $1 (53. Kxg3 $2 {too greedy.} d1=Q 54. Ra6+ Ke5 55. Ra5+ Ke4 $19) 53... Rd3 54. Rd1 Kf6 55. g5+ Kg7 56. Ke4 Rd8 57. Kf4 Rd5 58. Kg4 Rd4+ 59. Kf5 Rd5+ 60. Kf4 Kh7 {[%emt 0:00:05] An even fight not without its subleties.   Weighted Error Value: White=0.03 (flawless) /Black=0.02 (flawless)} 1/2-1/2